 Dungeon Crawl Stone Soup version 0.29.1-1-gd02db6906a (webtiles) character file.

Game seed: 11989388818507090691

221 MisterFreud the Trooper (level 5, -7/50 HPs)
             Began as a Hill Orc Wanderer on Sept 18, 2022.
             Killed by divine providence
             ... invoked by an orc priest
              (14 damage)
             ... on level 3 of the Dungeon.
             The game lasted 00:04:19 (2963 turns).

MisterFreud the Trooper (Hill Orc Wanderer)         Turns: 2963, Time: 00:04:20

Health: -7/50      AC: 12    Str: 20    XL:     5   Next: 98%
Magic:  5/5        EV:  7    Int:  8    God:
Gold:   124        SH:  6    Dex: 11    Spells: 4/4 levels left

rFire   . . .      SeeInvis .   a - +1 spear
rCold   . . .      Faith    .   b - +2 buckler
rNeg    . . .      Spirit   .   l - +0 chain mail
rPois   .          Reflect  .   k - +0 helmet
rElec   .          Harm     .   (no cloak)
rCorr   .          Rampage  .   p - +0 pair of gloves
Will    .....                   (no boots)
Stlth   ..........              (no amulet)
HPRegen 0.16/turn               (no ring)
MPRegen 0.09/turn               (no ring)

@: no status effects
A: no striking features
a: Convert to Beogh


You were on level 3 of the Dungeon.
You visited 1 branch of the dungeon, and saw 3 of its levels.

You collected 124 gold pieces.

Inventory:

Hand Weapons
 a - a +1 spear (weapon)
Armour
 b - a +2 buckler (worn)
 d - a +0 leather armour
 k - a +0 helmet (worn)
 l - a +0 chain mail (worn)
 p - a +0 pair of gloves (worn)
Scrolls
 c - a scroll of blinking
 e - 2 scrolls of amnesia {unknown}
 f - a scroll of silence {unknown}
 g - a scroll of vulnerability {unknown}
 h - a scroll of fog {unknown}
 j - 5 scrolls of identify {unknown}
 n - 4 scrolls of teleportation {unknown}
 o - 2 scrolls of noise {unknown}
Potions
 m - a potion of mutation {unknown}
 q - a potion of lignification {unknown}
 r - a potion of invisibility {unknown}


   Skills:
 * Level 5.9 Fighting
 - Level 3.2 Polearms
 + Level 4.5 Armour
 - Level 1.0 Dodging
 - Level 2.1 Shields


You had 4 spell levels left.
You didn't know any spells.
Your spell library contained the following spells:

 Spells                   Type           Power      Damage    Failure   Level
 Beastly Appendage        Tmut           0%         N/A       99%         1
 Slow                     Hex            0%         N/A       99%         1
 Wereblood                Tmut           0%         N/A       100%        2
 Confusing Touch          Hex            0%         N/A       100%        3
 Spider Form              Tmut/Pois      0%         N/A       100%        3
 Vampiric Draining        Necr           0%         2d6       100%        3


Dungeon Overview and Level Annotations

Branches:
Dungeon (3/15)

Altars:


Message History

You closely miss the orc priest.
The orc priest is almost dead.
The orc priest calls down the wrath of Beogh upon you.
Pain shoots through your body! You block the orc's attack.
You closely miss the orc priest.
The orc priest shouts, "Beogh is our master!
Accept the truth or die!"
The orc priest is almost dead.
The orc priest calls upon Beogh to heal the orc.
The orc's wounds heal themselves!
You block the orc's attack.
You barely miss the orc priest.
The orc priest is almost dead.
The orc priest threatens, "By the altar or by the axe, you will meet Beogh!"
You block the orc priest's attack. The orc hits you but does no damage.
You completely miss the orc priest.
The orc priest is almost dead.
The orc priest mumbles some strange prayers to Beogh against you.
Beogh smites you!
* * * LOW HITPOINT WARNING * * *
You block the orc's attack.
You hit the orc priest but do no damage.
The orc priest is almost dead.
The orc priest calls down the wrath of Beogh upon you.
Pain shoots through your body!
* * * LOW HITPOINT WARNING * * *
The orc hits you but does no damage.
You feel better. The orc priest misses you.
The orc hits you but does no damage.
You closely miss the orc priest.
The orc priest is almost dead.
The orc priest looks braver for a moment.
The orc hits you but does no damage.
You closely miss the orc priest.
The orc priest is almost dead.
The orc priest hits you but does no damage.
You block the orc's attack.
You barely miss the orc priest.
The orc priest is almost dead.
The orc priest mumbles some strange prayers to Beogh against you.
Beogh smites you!
You die...

#.#...# #.#...# #####
#.....#
#######...#####...#
#.................#
#.#####...#####...#
###.#............)..#
.......##...####o#..#
###.#####......o@#..#
..#.# #........#o.#
#.#.# #........#oo#
#.#.# ########.#..#
..#.# #.#o.# .)#.##
#.#... .[..)# #.#.##
###..###########.#
#.....)..).......#


You could see an orc priest and an orc.

Vanquished Creatures
  An orc priest (D:3)
  2 orc wizards
  Robin (D:3)
  4 gnolls (D:2)
  2 adders
  8 orcs
  6 ball pythons
  4 bats
  6 endoplasms
  8 goblins
  8 hobgoblins
  2 jackals (D:2)
  4 kobolds
  4 quokkas
  A frilled lizard (D:2)
  3 rats
64 creatures vanquished.

Notes
Turn   | Place    | Note
-------+----------+-------------------------------------------
     0 | D:1      | MisterFreud the Hill Orc Wanderer began the quest for the
                  | Orb.
     0 | D:1      | MisterFreud set off with the following items: a +1 spear, a
                  | +2 buckler, a scroll of blinking, a +0 leather armour.
     0 | D:1      | Reached XP level 1. HP: 16/16 MP: 1/1
    70 | D:1      | Reached skill level 2 in Fighting
   272 | D:1      | Reached XP level 2. HP: 25/25 MP: 2/2
   570 | D:1      | Reached skill level 3 in Fighting
   935 | D:1      | Found a faded altar of an unknown god.
  1188 | D:2      | Reached XP level 3. HP: 30/31 MP: 3/3
  1590 | D:2      | Reached skill level 4 in Fighting
  1590 | D:2      | Reached XP level 4. HP: 40/40 MP: 4/4
  2102 | D:2      | Reached skill level 5 in Fighting
  2102 | D:2      | Reached XP level 5. HP: 22/48 MP: 5/5
  2397 | D:3      | Noticed Robin
  2405 | D:3      | Killed Robin
  2959 | D:3      | HP: 1/50 [orc priest/nerve-wracking pain (6)]
  2963 | D:3      | Killed from afar by an orc priest

Illustrated notes

Levels and vault maps discovered:
D:1:      matt_arrival_refuge, layout_loops_ring, basic_ecumenical_altar,
          st_stairs_7, minmay_tree_intersection, item_on_display_a
D:2:      layout_loops_ring
D:3:      layout_basic, uniq_robin

Skill      XL: |  1  2  3  4 |
---------------+-------------+-----
Fighting       | 2 3 4 5 |  5.9
Armour         | 4 |  4.5
Polearms       | |  3.2
Dodging        | |  1.0
Shields        | |  2.1

Action                   |  1- 3 |  4- 6 || total
-------------------------+-------+-------++-------
Melee: Spear             |   100 |   229 ||   329
  Use: Potion            |       |     2 ||     2
 Stab: Sleeping          |     1 |       ||     1
Armor: Leather armour    |     3 |       ||     3
       Chain mail        |    20 |   123 ||   143
Dodge: Dodged            |    17 |    62 ||    79
Block: Buckler           |    17 |    50 ||    67
